 Dungeon Crawl Stone Soup version 0.27-a0-1245-g940ed4fa31 (webtiles) character file.

Game seed: 8679663330212102747

133533 rjrrt the Severer (level 16, -9/136 HPs)
             Began as a Demonspawn Berserker on June 9, 2021.
             Was the Champion of Trog.
             Succumbed to a green very ugly thing's poison
             ... on level 2 of the Abyss.
             The game lasted 01:06:52 (34831 turns).

rjrrt the Severer (Demonspawn Berserker)           Turns: 34831, Time: 01:06:52

Health: -9/136     AC: 35    Str: 26    XL:     16   Next: 60%
Magic:  16/16      EV: 13    Int: 13    God:    Trog [******]
Gold:   2198       SH: 18    Dex: 21    Spells: 15/15 levels left

rFire    + . .     SeeInvis +   a - +5 broad axe "Geb Foink" {vorpal, Fly Str+4 Int-4}
rCold    . . .     Faith    +   N - +1 kite shield {reflect}
rNeg     . . .     Spirit   .   V - +0 plate armour {Will+}
rPois    .         Reflect  +   v - +0 helmet {Int+3}
rElec    .         Harm     .   h - +2 cloak of the Thief {*Fog Slay-2 SInv Stlth+}
rCorr    .         Rampage  .   T - +2 pair of gloves {Dex+3}
Will     ++++.                  j - +1 pair of boots
Stlth    ..........             o - amulet of faith
HPRegen  1.32/turn              z - ring of protection from cold
MPRegen  0.15/turn              R - ring "Penat" {Fire Int+4 Dex+4 Slay+4}

@: lethally poisoned (-9 -> -78), strong-willed, flying, regenerating, studying
Armour
A: claws 2, icemail 1, powered by pain 2, sharp scales 3, condensation shield
a: Renounce Religion, Berserk, Trog's Hand, Brothers in Arms


You were on level 2 of the Abyss.
You worshipped Trog.
Trog was exalted by your worship.
You visited 3 branches of the dungeon, and saw 23 of its levels.
You visited the Abyss 1 time.
You also visited: Bailey and Ice Cave.

You collected 2588 gold pieces.
You spent 390 gold pieces at shops.

Inventory:

Hand Weapons
 a - the +5 broad axe "Geb Foink" (weapon) {vorpal, Fly Str+4 Int-4}
   (Trog gifted it to you on level 5 of the Lair of Beasts)

   It inflicts extra damage upon your enemies.
   It affects your strength (+4).
   It affects your intelligence (-4).
   It grants you flight.
 b - a +3 demon trident of electrocution
 f - a +2 war axe of flaming
 m - a +3 antimagic broad axe
Missiles
 g - 9 curare-tipped darts
 k - 2 throwing nets
 u - 61 poisoned darts (quivered)
 A - 56 boomerangs
 I - 28 javelins
 S - 2 boomerangs of dispersal
Armour
 h - the +2 cloak of the Thief (worn) {*Fog Slay-2 SInv Stlth+}
   (You found it on level 13 of the Dungeon)

   It affects your accuracy and damage with ranged weapons and melee attacks
   (-2).
   It lets you see invisible.
   It makes you more stealthy.
 j - a +1 pair of boots (worn)
 v - a +0 helmet of intelligence (worn)
 K - the +3 ring mail "Yphats" {Fly rPois Regen+}
   (You found it on level 4 of the Lair of Beasts)

   It protects you from poison.
   It grants you flight.
   It increases your rate of health regeneration.
 N - a +1 kite shield of reflection (worn)
 T - a +2 pair of gloves of dexterity (worn)
 V - a +0 plate armour of willpower (worn)
Jewellery
 n - a +4 ring of protection
 o - an amulet of faith (around neck)
 z - a ring of protection from cold (left hand)
 M - a ring of positive energy
 O - a ring of resist corrosion
 R - the ring "Penat" (right hand) {Fire Int+4 Dex+4 Slay+4}
   (You found it on level 14 of the Dungeon)

   [ring of fire]

   It enhances your fire magic.
   It affects your intelligence (+4).
   It affects your dexterity (+4).
   It affects your accuracy and damage with ranged weapons and melee attacks
   (+4).
   It protects you from fire.
   It makes you vulnerable to cold.
Wands
 q - a wand of paralysis (12)
 r - a wand of mindburst (8)
 x - a wand of digging (5)
 B - a wand of flame (18)
 F - a wand of acid (20)
 G - a wand of charming (6)
 P - a wand of iceblast (21)
Scrolls
 e - 2 scrolls of fog
 l - 3 scrolls of summoning
 p - 6 scrolls of enchant weapon
 w - 10 scrolls of teleportation
 y - 2 scrolls of enchant armour
 H - 2 scrolls of blinking
 J - 6 scrolls of magic mapping
 Q - 6 scrolls of identify
Potions
 c - a potion of mutation
 d - 4 potions of lignification
 i - 6 potions of curing
 s - 3 potions of invisibility
 t - 3 potions of might
 C - 5 potions of resistance
 D - 2 potions of ambrosia
 L - a potion of attraction
 U - 2 potions of haste


   Skills:
 - Level 15.0 Fighting
 * Level 17.0 Axes
 + Level 15.3 Armour
 - Level 10.0 Dodging
 + Level 10.1 Shields
 - Level 6.0 Evocations


You had 15 spell levels left.
You didn't know any spells.
Your spell library was empty.

Dungeon Overview and Level Annotations

Branches:
Dungeon (15/15)            Temple (0/1) D:4            Lair (6/6) D:11
  Swamp (0/4) Lair:2       Spider (0/4) Lair:2        Slime (0/5) Lair:6
    Orc (2/2) D:10            Elf (0/3) Orc:2        Vaults (0/5) D:13
 Bailey (visited)           IceCv (visited)
 Depths: D:15

Altars:
Ashenzari
Elyvilon
Gozag
Hepliaklqana
Nemelex Xobeh
Okawaru
Qazlal
Sif Muna
Vehumet
Wu Jian
Xom
Yredelemnul
The Shining One
Jiyva

Shops:
D:5 =   D:6 ??   D:12 (   D:13 (   Orc:2 [?*[

Portals:
Trove: D:10 (give 2 scrolls of acquirement)

Annotations:
D:6 1 runed translucent door, Orlauf's ghost, amateur DsGl
D:8 2 runed translucent doors, TacoSundae's ghost, journeyman DsNe
D:10 2 transporters, ZappyNine's ghost, journeyman TrMo
D:15 3 runed translucent doors, Werasm's ghost, novice FoAK
Lair:2 exclusion: oklob plant
Lair:4 3 runed translucent doors, exclusion: oklob plant, Iwuung's ghost, journeyman DjFE
Orc:1 2 transporters, McSplat's ghost, journeyman DrCj


Innate Abilities, Weirdness & Mutations

You have very sharp fingernails.
A meltable icy envelope protects you from harm. (AC +4)
You sometimes gain power by taking damage.
You are completely covered in razor-sharp scales. (AC +3, Slay +3)
A meltable shield of frost defends you. (SH +4)


Message History

You are too injured to fight recklessly!
Unknown command.
You are too injured to fight recklessly!
You slice the green very ugly thing!!
The green very ugly thing is moderately wounded.
You feel sick.
You are too injured to fight recklessly!
Unknown command.
Your shield and plate armour prevent you from hitting the green very ugly thing.
The green very ugly thing is moderately wounded.
You feel sick.
You block the green very ugly thing's attack.
You are too injured to fight recklessly!
Unknown command.
You slice the green very ugly thing!!
The green very ugly thing is heavily wounded.
You feel sick.
You are no longer poisoned.
You block the green very ugly thing's attack.
The white very ugly thing basks in the mutagenic energy from its kin and changes!
You slash the green very ugly thing!
The green very ugly thing is severely wounded.
The green very ugly thing gores you.
* * * LOW HITPOINT WARNING * * *
You are lethally poisoned!
The green very ugly thing poisons you!
The blink frog blinks!
You are too injured to fight recklessly!
Unknown command.
You slash the green very ugly thing!
The green very ugly thing is almost dead.
* * * LOW HITPOINT WARNING * * *
With a swish of your cloak, you release a cloud of fog.
You feel extremely sick.
The green very ugly thing gores you but does no damage.
You are too injured to fight recklessly!
Unknown command.
You are too injured to fight recklessly!
You closely miss the green very ugly thing.
The green very ugly thing is almost dead.
You die...

#.. ... #.##.
..≈# #..#..
.... .. #
.#....####.....
#..(....# # .
.. ## #.####
##.... # #.§# .
#u4# #' #u## #
#@# . #§# # #
#F# . # #§. ##.
. .. # .. # #
#..


You could see 2 very ugly things, an orange demon and a blink frog.

Vanquished Creatures
  Rupert (D:15)
  Gastronok (Lair:3)
  A tentacled starspawn (Abyss:2)
  Louise (D:15)
  2 very ugly things (Abyss:2)
  An ettin (D:15)
  A fire dragon (shapeshifter) (D:13)
  Josephine (D:14)
  A rakshasa (D:14)
  11 hydras
  4 vault guards (D:13)
  2 boulder beetles
  A great orb of eyes (Abyss:2)
  2 catoblepae
  2 centaur warriors
  2 death yaks (Lair:5)
  3 thrashing horrors (Abyss:2)
  3 two-headed ogres
  Urug (Lair:6)
  5 orc high priests
  Nergalle (Lair:1)
  A hell knight (D:15)
  2 spatial maelstroms (Abyss:2)
  5 skeletal warriors (D:14)
  3 large abominations (Abyss:2)
  A wizard (D:15)
  6 orc knights
  13 ugly things
  8 orc sorcerers (Orc:2)
  5 cyclopes
  2 manticores (D:13)
  4 elephants (Lair:4)
  Maurice (D:8)
  11 black mambas
  2 ice statues
  Joseph (D:8)
  A smoke demon (Abyss:2)
  A torpor snail (Lair:5)
  34 cane toads
  A gargoyle (D:12)
  An efreet (D:11)
  2 rime drakes
  12 komodo dragons
  3 ice devils
  A yaktaur (D:15)
  2 ancient zymes (Abyss:2)
  A kobold demonologist (D:11)
  A guardian mummy (D:10)
  A queen bee (shapeshifter) (D:13)
  Grinder (D:5)
  11 trolls
  13 polar bears
  7 tyrant leeches
  A wolf spider simulacrum (D:14)
  A jumping spider (Lair:2)
  22 slime creatures
  27 blink frogs
  9 dream sheep (Lair:5)
  A ynoxinul (Abyss:2)
  5 centaur simulacra
  55 yaks
  3 shadows
  A redback (Lair:2)
  A vampire (D:13)
  4 wyverns
  5 basilisks
  7 wraiths
  A fire elemental (Abyss:2)
  3 small abominations (Abyss:2)
  A neqoxec (Abyss:2)
  12 vampire mosquitoes
  Grum (D:10)
  A steam dragon (D:8)
  6 wargs
  3 swamp worms (Lair:2)
  19 water moccasins
  2 sky beasts
  A meliai simulacrum (D:14)
  A black bear (D:7)
  9 ice beasts (Lair:3)
  55 orc warriors
  8 starcursed masses (Abyss:2)
  19 wolves
  A hornet zombie (D:7)
  20 centaurs
  7 ogres
  A kobold brigand (D:11)
  21 bullfrogs
  A gnoll sergeant (D:7)
  A water moccasin zombie (D:5)
  3 scorpions
  3 wights (D:10)
  3 killer bees
  5 howler monkeys
  5 electric eels
  3 centaur zombies
  2 bullfrog zombies
  A jelly (D:4)
  3 hounds
  25 orc priests
  A centaur skeleton (D:5)
  An iron imp (Abyss:2)
  4 iguanas
  27 orc wizards
  3 howler monkey zombies
  5 gnolls (D:7)
  6 adders
  4 white imps
  An ufetubus (Abyss:2)
  A worm (D:5)
  3 dart slugs
  117 orcs
  An endoplasm (D:4)
  3 giant cockroaches
  7 hobgoblins
  7 jackals
  4 quokkas
  8 ball pythons
  2 bats (D:1)
  4 frilled lizards (D:1)
  5 goblins
  18 kobolds
  2 rats
  A lurking horror (Abyss:2)
  2 starspawn tentacles (Abyss:2)
831 creatures vanquished.

Vanquished Creatures (collateral kills)
  A frost giant (IceCv)
  The ghost of TODO the Peltast, a journeyman MfGl of Ru (D:14)
  An ice dragon (D:14)
  2 boulder beetles
  An orc knight (Orc:2)
  A black mamba (Lair:2)
  2 rime drakes (D:14)
  An ice devil (D:14)
  A jumping spider (Lair:2)
  2 polar bears (IceCv)
  3 blink frogs
  A redback (Lair:2)
  3 yaks
  4 wolves (IceCv)
  A centaur (D:9)
  2 killer bees (D:9)
27 creatures vanquished.

Vanquished Creatures (others)
  An orc (Orc:2)
  49 fungi
  115 plants
  5 starspawn tentacles (Abyss:2)
  2 withered plants (D:6)
172 creatures vanquished.

Grand Total: 1030 creatures vanquished

Notes
Turn   | Place    | Note
-------+----------+-------------------------------------------
     0 | D:1      | rjrrt the Demonspawn Berserker began the quest for the Orb.
     0 | D:1      | Reached XP level 1. HP: 18/18 MP: 1/1
   146 | D:1      | Reached skill level 3 in Axes
   288 | D:1      | Gained mutation: You have sharp fingernails. [demonic
                  | ancestry]
   288 | D:1      | Reached XP level 2. HP: 24/24 MP: 2/2
   385 | D:1      | Found a faded altar of an unknown god.
  1540 | D:1      | You fall into a shaft and drop 1 floor!
  1545 | D:2      | Gained mutation: You are partially covered in razor-sharp
                  | scales. (AC +1, Slay +1) [demonic ancestry]
  1545 | D:2      | Reached XP level 3. HP: 25/29 MP: 3/3
  1619 | D:2      | Reached ** piety under Trog
  1902 | D:2      | Reached skill level 4 in Axes
  2358 | D:3      | Gained mutation: A meltable shield of frost defends you.
                  | (SH +4) [demonic ancestry]
  2358 | D:3      | Reached XP level 4. HP: 29/35 MP: 4/4
  3454 | D:4      | Found a staircase to the Ecumenical Temple.
  3464 | D:4      | Reached skill level 5 in Axes
  3464 | D:4      | Reached skill level 1 in Shields
  3509 | D:4      | Gained mutation: You sometimes gain a little power by
                  | taking damage. [demonic ancestry]
  3509 | D:4      | Reached XP level 5. HP: 41/41 MP: 5/5
  3528 | D:4      | Identified the +3 halberd of the Hills {protect, +Rage
                  | rPois Str+3 Dex-3}
  4302 | D:5      | Entered Level 5 of the Dungeon
  4317 | D:5      | Gained mutation: You are mostly covered in razor-sharp
                  | scales. (AC +2, Slay +2) [demonic ancestry]
  4317 | D:5      | Reached XP level 6. HP: 46/47 MP: 6/6
  4320 | D:5      | Noticed a water moccasin
  4334 | D:5      | Killed a water moccasin
  4335 | D:5      | Reached skill level 6 in Axes
  4576 | D:5      | Found Neeqol's Jewellery Boutique.
  4619 | D:5      | Reached XP level 7. HP: 39/52 MP: 7/7
  4784 | D:5      | Found an ornate altar of the Wu Jian Council.
  4822 | D:5      | Noticed Grinder
  4841 | D:5      | Killed Grinder
  4842 | D:5      | Reached skill level 7 in Axes
  5121 | D:5      | Noticed a wyvern
  5127 | D:5      | Killed a wyvern
  5127 | D:5      | Reached *** piety under Trog
  5519 | D:5      | Found a shimmering blue altar of Sif Muna.
  5603 | D:5      | Found a broken altar of Ashenzari.
  5910 | D:5      | Reached XP level 8. HP: 58/58 MP: 8/8
  6370 | D:6      | Found a radiant altar of Vehumet.
  6460 | D:6      | Reached skill level 8 in Axes
  6721 | D:6      | Found a stormy altar of Qazlal.
  6851 | D:6      | Found a runed translucent door.
  6851 | D:6      | Noticed Orlauf's ghost (amateur DsGl)
  6940 | D:6      | Found Okykoysch's Magic Scroll Emporium.
  6943 | D:6      | Found Poluad's Magic Scroll Boutique.
  6953 | D:6      | Bought a scroll of blinking for 97 gold pieces
  6953 | D:6      | Bought 3 scrolls of magic mapping for 136 gold pieces
  7234 | D:6      | Reached skill level 1 in Evocations
  7731 | D:7      | Reached XP level 9. HP: 66/66 MP: 9/9
  7955 | D:7      | Reached **** piety under Trog
  8493 | D:8      | Found an opulent altar of Gozag.
  8598 | D:8      | Found a basalt altar of Yredelemnul.
  8604 | D:8      | Noticed a profane servitor
  8632 | D:8      | Found a shimmering altar of Xom.
  8811 | D:8      | Found a large runed translucent door.
  8813 | D:8      | Found a large runed translucent door.
  8814 | D:8      | Noticed TacoSundae's ghost (journeyman DsNe)
  8903 | D:8      | Reached skill level 9 in Axes
  9175 | D:8      | Noticed Maurice
  9183 | D:8      | Paralysed by Maurice for 3 turns
  9193 | D:8      | Killed Maurice
  9194 | D:8      | Reached skill level 5 in Fighting
  9212 | D:8      | Noticed a green ugly thing
  9212 | D:8      | Noticed a kobold demonologist
  9368 | D:8      | Noticed Joseph
  9378 | D:8      | Killed Joseph
  9434 | D:8      | Noticed an angel
  9695 | D:8      | Identified a scroll of acquirement
  9695 | D:8      | Acquired a manual of Fighting
  9934 | D:9      | Found a flagged portal.
  9971 | Bailey   | Entered a bailey
 10295 | Bailey   | Reached XP level 10. HP: 64/76 MP: 10/10
 10753 | Bailey   | Reached skill level 5 in Dodging
 10798 | Bailey   | Reached skill level 10 in Axes
 10798 | Bailey   | Reached skill level 5 in Armour
 11128 | D:9      | Found an iron altar of Okawaru.
 11614 | D:9      | Found a hazy altar of Hepliaklqana.
 11803 | D:10     | Entered Level 10 of the Dungeon
 12214 | D:10     | Reached ***** piety under Trog
 12487 | D:10     | Found a sparkling altar of Nemelex Xobeh.
 12774 | D:10     | Found a portal to a secret trove of treasure.
 12862 | D:10     | Gained mutation: You have very sharp fingernails. [demonic
                  | ancestry]
 12862 | D:10     | Reached XP level 11. HP: 60/86 MP: 11/11
 12989 | D:10     | Noticed Grum
 13005 | D:10     | Killed Grum
 13118 | D:10     | Found a staircase to the Orcish Mines.
 13267 | D:10     | Reached skill level 11 in Axes
 13383 | D:10     | Found a transporter.
 13421 | D:10     | Noticed ZappyNine's ghost (journeyman TrMo)
 13423 | D:10     | Noticed a two-headed ogre
 13424 | D:10     | Noticed a two-headed ogre
 13456 | D:10     | Identified the +4 great mace of Meisoj Faili {flame, rF+
                  | Will+}
 13456 | D:10     | Noticed a two-headed ogre
 13461 | D:10     | Found a transporter.
 13883 | D:11     | Found a staircase to the Lair.
 13999 | D:11     | Noticed an eight-headed hydra
 14010 | D:11     | Killed a four-headed hydra
 14326 | D:11     | Found an iron altar of Okawaru.
 14334 | D:11     | Noticed a two-headed ogre
 14345 | D:11     | Killed a two-headed ogre
 14615 | D:11     | Noticed a boulder beetle
 14736 | D:11     | Killed a boulder beetle
 15096 | Lair:1   | Entered Level 1 of the Lair of Beasts
 15157 | Lair:1   | Reached skill level 10 in Fighting
 15467 | Lair:1   | Noticed Nergalle
 15481 | Lair:1   | Reached skill level 12 in Axes
 15490 | Lair:1   | Killed Nergalle
 15547 | Lair:1   | Found a frozen archway.
 15588 | IceCv    | Entered an ice cave
 15603 | IceCv    | Received a gift from Trog
 15608 | IceCv    | Gained mutation: You are completely covered in razor-sharp
                  | scales. (AC +3, Slay +3) [demonic ancestry]
 15608 | IceCv    | Reached XP level 12. HP: 70/98 MP: 12/12
 16246 | IceCv    | Noticed a frost giant
 16299 | IceCv    | Killed a frost giant
 17820 | Lair:2   | Reached skill level 10 in Armour
 17820 | Lair:2   | Reached skill level 5 in Evocations
 18341 | Lair:2   | Reached skill level 13 in Axes
 18652 | Lair:2   | HP: 5/100 [poisoned by a cane toad]
 19245 | Lair:2   | Reached XP level 13. HP: 95/107 MP: 13/13
 19684 | Lair:2   | Reached skill level 5 in Shields
 19927 | Lair:2   | Found a staircase to the Swamp.
 20451 | Lair:2   | Found a hole to the Spider Nest.
 20849 | Lair:3   | Received a gift from Trog
 20994 | Lair:3   | Noticed Gastronok
 21003 | Lair:3   | Killed Gastronok
 22653 | Lair:4   | Noticed Iwuung's ghost (journeyman DjFE)
 22656 | Lair:4   | Identified the +3 ring mail "Yphats" {Fly rPois Regen+}
 22659 | Lair:4   | Found a runed translucent gate.
 22659 | Lair:4   | Found a runed translucent gate.
 22659 | Lair:4   | Found a runed translucent gate.
 23049 | Lair:4   | Reached skill level 14 in Axes
 23435 | Lair:4   | You are sucked into a shaft and drop 2 floors!
 23435 | Lair:6   | Entered Level 6 of the Lair of Beasts
 23452 | Lair:5   | Identified the +5 broad axe "Geb Foink" {vorpal, Fly Str+4
                  | Int-4} (Trog gifted it to you on level 5 of the Lair of
                  | Beasts)
 23452 | Lair:5   | Received a gift from Trog
 23454 | Lair:5   | Gained mutation: You sometimes gain power by taking damage.
                  | [demonic ancestry]
 23454 | Lair:5   | Reached XP level 14. HP: 93/118 MP: 14/14
 24890 | Lair:6   | Found a staircase to the Slime Pits.
 24891 | Lair:6   | Found a viscous altar of Jiyva.
 25152 | Lair:6   | Reached skill level 10 in Dodging
 25339 | Lair:6   | Noticed Urug
 25352 | Lair:6   | Killed Urug
 25560 | Lair:6   | Reached skill level 15 in Axes
 25576 | Lair:6   | Reached ****** piety under Trog
 26229 | Orc:1    | Entered Level 1 of the Orcish Mines
 26338 | Orc:1    | Received a gift from Trog
 26416 | Orc:2    | Entered Level 2 of the Orcish Mines
 26489 | Orc:2    | Reached XP level 15. HP: 90/126 MP: 15/15
 27167 | Orc:2    | Found a radiant altar of Vehumet.
 27637 | Orc:1    | Noticed McSplat's ghost (journeyman DrCj)
 27663 | Orc:1    | Received a gift from Trog
 27828 | Orc:1    | Found a transporter.
 27868 | Orc:1    | Found a transporter.
 28726 | Orc:2    | Found a staircase to the Elven Halls.
 28843 | Orc:2    | Found Wyxodado's Antique Armour Emporium.
 29399 | Orc:2    | Received a gift from Trog
 29660 | Orc:2    | Found Jaderghehy's Magic Scroll Shop.
 29667 | Orc:2    | Found Icliept's Antique Armour Shop.
 29669 | Orc:2    | Found Udelaif's General Store.
 29675 | Orc:2    | Bought a runed helmet for 157 gold pieces
 30158 | D:12     | Found Abodedae's Antique Weapon Boutique.
 30831 | D:13     | Found Zodwoet's Antique Weapon Shop.
 31150 | D:13     | Found a gate to the Vaults.
 31175 | D:13     | Reached skill level 16 in Axes
 31179 | D:13     | Received a gift from Trog
 31563 | D:13     | Found the +2 cloak of the Thief {*Fog Slay-2 SInv Stlth+}
 32872 | D:14     | Noticed Josephine
 32886 | D:14     | Killed Josephine
 32916 | D:14     | Gained mutation: A meltable icy envelope protects you from
                  | harm. (AC +4) [demonic ancestry]
 32916 | D:14     | Reached XP level 16. HP: 96/134 MP: 16/16
 33152 | D:14     | Found a runed translucent gate.
 33152 | D:14     | Found a runed translucent gate.
 33152 | D:14     | Found a runed translucent gate.
 33393 | D:14     | Noticed TODO's ghost (journeyman MfGl)
 33741 | D:14     | Killed TODO's ghost
 33742 | D:14     | Reached skill level 15 in Fighting
 33790 | D:14     | Identified the ring "Penat" {Fire Int+4 Dex+4 Slay+4}
 33807 | D:14     | Identified the +0 dagger "Xuly" {elec, rElec Str+4}
 33899 | D:15     | Entered Level 15 of the Dungeon
 33899 | D:15     | Noticed Rupert
 33913 | D:15     | Killed Rupert
 34149 | D:15     | Found a runed translucent gate.
 34149 | D:15     | Found a runed translucent gate.
 34149 | D:15     | Found a runed translucent gate.
 34149 | D:15     | Noticed Werasm's ghost (novice FoAK)
 34159 | D:15     | Noticed Louise
 34187 | D:15     | Killed Louise
 34227 | D:15     | Cast into level 2 of the Abyss (a wizard)
 34367 | Abyss:2  | Reached skill level 15 in Armour
 34383 | Abyss:2  | Noticed a tentacled starspawn
 34399 | Abyss:2  | Killed a tentacled starspawn
 34617 | Abyss:2  | Reached skill level 10 in Shields
 34691 | Abyss:2  | Reached skill level 17 in Axes
 34830 | Abyss:2  | HP: 6/136 [poisoned by a green very ugly thing]
 34831 | Abyss:2  | Succumbed to a green very ugly thing's poison

Illustrated notes

Levels and vault maps discovered:
D:1:      kennysheep_arrival_forest, layout_basic,
          hellmonk_ecumenical_altar_inner_sanctum
D:2:      layout_rooms
D:3:      layout_loops_corners
D:4:      layout_loops_cross, minmay_temple_entry_tees, serial_glass,
          glass_columns_a, glass_columns_b, glass_columns_b, glass_columns_a,
          glass_columns_b
D:5:      minmay_spotlight, layout_layer_cave, evilmike_ruin_ashenzari,
          lemuel_blue_sif_altar, lemuel_crystal_altar, serial_shops,
          nicolae_shop_crystal, uniq_grinder
D:6:      layout_loops_ring, vehumet_altar_wand_db,
          nicolae_overflow_crystal_walls, gammafunk_ghost_grave, serial_shops,
          shop_scrolls, nicolae_shop_crystal, lightli_orcish_oven
D:7:      layout_loops_ring, serial_bayou_lake_a
D:8:      layout_basic, grunt_temple_overflow_holy_war, lemuel_crystal_altar,
          marbit_many_paths, nicolae_overflow_hidden_temple,
          ebering_ghost_disaster_area, lightli_corner_chamber, uniq_joseph,
          uniq_maurice
D:9:      layout_roguey, kennysheep_mini, nicolae_hepliaklqana_hippocampus,
          enter_bailey_2
D:10:     layout_roguey, lemuel_round_altar, erik_orc_2,
          nicolae_trove_entry_path_of_doom, gammafunk_ghost_smash, uniq_grum
D:11:     layout_long_grid, erik_lair_orcish_takeover, okawaru_gym_becter
D:12:     layout_rooms, serial_shops, nicolae_shop_window_shopping
D:13:     layout_loops_ring, lightli_vaults_fourway_checkpoint, serial_shops,
          nicolae_shop_statue_plus, minmay_door_square
D:14:     layout_roguey [special_room_orc], hangedman_abyss_or_decor_slice,
          gammafunk_ghost_icy, uniq_josephine
D:15:     hangedman_depths_entry_civil_slaughter, layout_loops_cross,
          ebering_ghost_rock_garden, roderic_malta_cross,
          minmay_guarded_unrand_zonguldrok, uniq_louise, uniq_rupert
Lair:1:   layout_cave_shapes, portal_ice_cave_demonic_guard, uniq_nergalle
Lair:2:   layout_cave_pods, minmay_swamp_entry_worms,
          spider_nest_entry_funnel_web
Lair:3:   layout_small_grid, ice2_lemuel, grunt_megastairs_2, uniq_gastronok
Lair:4:   layout_long_grid, gammafunk_ghost_split, beast_lair_carwin_9
Lair:5:   layout_cave_pods, serial_bayou_ford_a, st_stairs_7,
          minmay_shattered_shrine
Lair:6:   minmay_lair_end_frog_pond, layout_regular_city, slime_altar_1,
          chequers_serial_rivers_micro_d, uniq_urug
Orc:1:    layout_caves, gammafunk_ghost_stat_death
Orc:2:    st_orc_elflike, layout_diamond_mine, basic_altar
Abyss:2:  base: D:3, hangedman_abyss_feature_spike

Skill      XL: |  1  2  3  4  5  6  7  8  9 10 11 12 13 14 15 16 |
---------------+-------------------------------------------------+-----
Axes           | 3 4 5 6 7 8 9 10 12 13 14 15 16 17 | 17.0
Shields        | 1 2 3 4 6 7 9 10 | 10.1
Armour         | 2 3 4 6 9 10 11 13 14 15 | 15.3
Dodging        | 2 3 4 6 7 8 9 10 | 10.0
Fighting       | 4 5 8 10 11 13 14 15 | 15.0
Evocations     | 1 3 4 5 6 |  6.0

Action                   |  1- 3 |  4- 6 |  7- 9 | 10-12 | 13-15 | 16-18 || total
-------------------------+-------+-------+-------+-------+-------+-------++-------
Melee: Hand axe          |   134 |   144 |    68 |       |       |       ||   346
       War axe           |       |       |   162 |   615 |   950 |    12 ||  1739
       Trident           |       |       |    23 |    24 |       |       ||    47
       Broad axe         |       |       |       |       |   407 |   247 ||   654
Throw: Dart              |       |     2 |     2 |    43 |     4 |       ||    51
Invok: Berserk           |     1 |     3 |     9 |    13 |     9 |     1 ||    36
       Brothers in Arms  |       |       |       |     5 |     5 |     3 ||    13
       Trog's Hand       |       |       |       |     1 |     1 |     4 ||     6
Evoke: Wand              |       |       |    10 |    14 |     6 |       ||    30
  Use: Scroll            |       |       |    16 |     8 |    11 |       ||    35
       Potion            |       |       |       |     5 |     3 |       ||     8
 Stab: Sleeping          |       |       |       |       |     1 |       ||     1
Armor: Scale mail        |    42 |    44 |    15 |       |       |       ||   101
       Plate armour      |       |       |    83 |   400 |   206 |    88 ||   777
       Ring mail         |       |       |       |       |   166 |       ||   166
Dodge: Dodged            |    78 |    60 |    61 |   253 |   587 |    55 ||  1094
Block: Buckler           |     1 |    43 |    95 |   232 |       |       ||   371
       Tower shield      |       |       |       |    34 |       |       ||    34
       Other             |       |       |       |    12 |     9 |       ||    21
       Kite shield       |       |       |       |       |   956 |   182 ||  1138
       Reflection        |       |       |       |       |    16 |    13 ||    29

Table legend: (Time is in decaauts)
 A = Elapsed time spent in this place.
 B = Non-inter-level travel time spent in this place.
 C = Inter-level travel time spent in this place.
 D = Time resting spent in this place.
 E = Time spent auto-exploring this place.
 F = Levels seen in this place.
 G = Mean time per level.
                   A        B        C        D        E       F      G
               +--------+--------+--------+--------+--------+-----+--------+
         Total |  35145 |  33810 |   1335 |   6412 |  19047 |  26 | 1351.7 |
       Dungeon |  18802 |  18135 |    667 |   2825 |  12177 |  15 | 1253.5 |
          Lair |  10070 |   9605 |    465 |   2076 |   4985 |   6 | 1678.3 |
  Orcish Mines |   3271 |   3068 |    203 |    518 |   1553 |   2 | 1635.5 |
         Abyss |    588 |    588 |      0 |    175 |      0 |   1 |  588.0 |
        Bailey |   1174 |   1174 |      0 |    294 |    158 |   1 | 1174.0 |
      Ice Cave |   1239 |   1239 |      0 |    522 |    174 |   1 | 1239.0 |
               +--------+--------+--------+--------+--------+-----+--------+

Top non-repeatable levels by time:
  Lair:2: 2921 daAuts
   Orc:2: 2107 daAuts
  Lair:3: 2077 daAuts
     D:5: 1931 daAuts
     D:1: 1744 daAuts
    D:13: 1724 daAuts
    D:11: 1645 daAuts
    D:10: 1563 daAuts
  Lair:1: 1521 daAuts
     D:8: 1455 daAuts
    D:14: 1337 daAuts
  Lair:5: 1318 daAuts
     D:7: 1254 daAuts
   IceCv: 1239 daAuts
  Lair:6: 1201 daAuts
